 Dungeon Crawl Stone Soup version 0.30.0-29-ga12c61a403 (webtiles) character file.

Game seed: 841911029987135604

79 DemonSlayer the Digger (level 4, 0/30 HPs)
             Began as a Demonspawn Earth Elementalist on June 25, 2023.
             Slain by a sky beast (2 damage)
             ... on level 4 of the Dungeon.
             The game lasted 00:06:33 (3065 turns).

DemonSlayer the Digger (DsEE)                       Turns: 3065, Time: 00:06:33

Health: 0/30       AC:  2    Str:  9    XL:     4   Next: 17%
Magic:  3/8        EV: 12    Int: 18    God:
Gold:   155        SH:  0    Dex: 13    Spells: 2/8 levels left

rFire   . . .        i - +0 dagger
rCold   . . .        (no shield)
rNeg    . . .        a - +0 robe
rPois   .            (no helmet)
rElec   .            (no cloak)
rCorr   .            (no gloves)
SInv    .            (no boots)
Will    .....        (no amulet)
Stlth   ++           f - ring of flight
HPRegen 0.25/turn    (no ring)
MPRegen 0.11/turn

%: no passive effects
@: flying
A: claws 1
a: no special abilities


You were on level 4 of the Dungeon.
You visited 1 branch of the dungeon, and saw 4 of its levels.

You collected 155 gold pieces.

Inventory:

Hand Weapons
 i - a +0 dagger (weapon)
Missiles
 c - 5 boomerangs of dispersal
Armour
 a - a +0 robe (worn)
Jewellery
 f - a ring of flight (left claw)
 k - a ring of fire
Scrolls
 e - 2 scrolls of identify {unknown}
 j - 2 scrolls of butterflies {unknown}
 m - a scroll of enchant armour {unknown}
Potions
 d - 2 potions of might {unknown}
 g - 2 potions of haste {unknown}
 h - a potion of attraction {unknown}
 l - 2 potions of brilliance {unknown}


   Skills:
 + Level 2.2 Dodging
 + Level 1.9 Stealth
 + Level 2.8 Spellcasting
 + Level 0.8 Transmutations
 + Level 3.7 Earth Magic


You had 2 spell levels left.
You knew the following spells:

 Your Spells              Type           Power      Damage    Failure   Level
a - Sandblast             Erth           32%        2d9       3%          1
b - Passwall              Tmut/Erth      8%         N/A       10%         2
c - Stone Arrow           Conj/Erth      18%        3d8       24%         3

Your spell library contained the following spells:

 Spells                   Type           Power      Damage    Failure   Level
 Beastly Appendage        Tmut           10%        N/A       12%         1
 Wereblood                Tmut           5%         N/A       19%         2
 Cigotuvi's Dreadful Rot  Necr/Pois/Air  4%         N/A       26%         2
 Spider Form              Tmut/Pois      4%         N/A       38%         3
 Petrify                  Tmut/Erth      10%        N/A       54%         4
 Dispel Undead            Necr           2%         3d7       86%         4
 Death Channel            Necr           1%         N/A       100%        6


Dungeon Overview and Level Annotations

Branches:
Dungeon (4/15)
 Temple: D:4-7

Altars:
Vehumet

Annotations:
D:3 exclusion: statue, Sigmund, Terence


Innate Abilities, Weirdness & Mutations

You have sharp fingernails.


Message History

The orc wizard shouts!
An orc priest comes into view.
It is wielding a +0 short sword of venom.
The blast of sand hits the orc.
The orc is heavily wounded.
An orc comes into view. It is wielding a +0 whip.
An orc opens the door.
You hear a shout!
The blast of sand hits the orc.
The orc is almost dead.
An orc comes into view. It is wielding a +0 mace.
The orc barely misses you.
The blast of sand hits the orc!
You kill the orc!
A sky beast comes into view.
The orc wizard casts a spell.
The orc wizard flickers and vanishes!
Deactivating autopickup; reactivate with Ctrl-A.
The blast of sand misses the orc priest.
The blast of sand hits something.
The orc priest misses you. The orc hits you with a +0 whip.
The orc priest looks braver for a moment.
The blast of sand misses the sky beast.
The orc barely misses you.
The orc priest calls down the wrath of Beogh upon you.
You barely resist.
An endoplasm comes into view.
The sky beast closely misses you.
The blast of sand hits the sky beast but does no damage.
The orc closely misses you.
An orc comes into view. It is wielding a +0 dagger.
The sky beast hits you. The sky beast shocks you.
The orc priest mumbles some strange prayers to Beogh against you.
Beogh smites you!
* * * LOW HITPOINT WARNING * * *
The orc misses you. The orc closely misses you.
The sky beast flickers out of sight!
Something hits you.
* * * LOW HITPOINT WARNING * * *
Something shocks you.
* * * LOW HITPOINT WARNING * * *
Something hits you.
You die...

..... ..o.
...# .J#
.o# o #
#o## ..
#.#.{###.##
#.o@o..o...
###........
#<....$..
#.#.##...
#.#... ..
#.#.##..#
... # ..
#.. # ##.


You could see an orc priest, 5 orcs and an endoplasm.

Vanquished Creatures
  Robin (D:3)
  An adder (D:2)
  2 dart slugs (D:2)
  An orc (D:4)
  7 ball pythons
  5 bats (D:1)
  6 endoplasms
  A giant cockroach (D:2)
  11 goblins
  6 hobgoblins
  2 quokkas
  2 kobolds (D:1)
  4 rats
49 creatures vanquished.

Notes
Turn   | Place    | Note
-------+----------+-------------------------------------------
     0 | D:1      | DemonSlayer the Demonspawn Earth Elementalist began the
                  | quest for the Orb.
     0 | D:1      | Reached XP level 1. HP: 13/13 MP: 3/3
   415 | D:1      | Reached skill level 3 in Earth Magic
   415 | D:1      | Gained mutation: You have sharp fingernails. [demonic
                  | ancestry]
   415 | D:1      | Reached XP level 2. HP: 17/19 MP: 1/5
  1138 | D:2      | Reached XP level 3. HP: 23/24 MP: 3/6
  1360 | D:2      | Found a faded altar of an unknown god.
  1752 | D:2      | Learned a level 2 spell: Passwall
  1756 | D:2      | Learned a level 3 spell: Stone Arrow
  1958 | D:3      | Noticed Terence
  2264 | D:3      | Noticed Robin
  2327 | D:3      | Killed Robin
  2328 | D:3      | Reached XP level 4. HP: 21/30 MP: 4/8
  2528 | D:3      | Noticed Sigmund
  3026 | D:3      | Found a radiant altar of Vehumet.
  3026 | D:3      | Noticed a frost-covered statue
  3061 | D:4      | Noticed a sky beast
  3065 | D:4      | Slain by a sky beast

Illustrated notes

Levels and vault maps discovered:
D:1:      tarquinn_simple_flora_water_a, layout_basic
D:2:      layout_basic, ebering_ecumenical_altar_petrified,
          kennysheep_generic_room_13
D:3:      layout_loops_corners, vehumet_statue, kennysheep_cross_bottleneck,
          kennysheep_flooded_box, uniq_sigmund, uniq_natasha, uniq_robin,
          uniq_terence
D:4:      layout_basic, gammafunk_temple_overflow_forgotten,
          minmay_misc_feat_tiny

Skill      XL: |  1 |
---------------+----+-----
Dodging        | 2 |  2.2
Earth Magic    | 3 |  3.7
Stealth        | |  1.9
Spellcasting   | |  2.8
Transmutations | |  0.8

Action                     |  1- 3 |  4- 6 || total
---------------------------+-------+-------++-------
  Melee: Dagger            |     6 |       ||     6
   Cast: Sandblast         |    56 |    11 ||    67
    Use: Potion            |     1 |       ||     1
   Stab: Sleeping          |     1 |       ||     1
 Armour: Robe              |     4 |       ||     4
  Dodge: Dodged            |    25 |     8 ||    33
